 Dungeon Crawl Stone Soup version 0.18-a0-1396-g8753ca6 (webtiles) character file.

798715 wvc the Cloud Mage (level 27, -4/279 HPs)
             Began as a Naga Monk on Feb 22, 2016.
             Was the Champion of Cheibriados.
             Killed from afar by a Brimstone Fiend (46 damage)
             ... with a blast of hellfire
             ... in Pandemonium on Feb 23, 2016.
             The game lasted 04:09:01 (67536 turns).

wvc the Cloud Mage (Naga Monk)                     Turns: 67536, Time: 04:09:01

Health: -4/279     AC: 48    Str: 40    XL:     27
Magic:  34/44      EV: 24    Int: 42    God:    Cheibriados [******]
Gold:   6322       SH: 21    Dex: 31    Spells: 12 memorised, 10 levels left

rFire  + + .     SeeInvis +     c - +9 demon trident (elec)
rCold  + . .     Gourm    .     p - +10 pearl dragon armour
rNeg   + + +     Faith    .     U - +0 shield {rN+}
rPois  +         Spirit   .     y - +2 hat of the High Council {Archmagi, Wiz- Stlth-}
rElec  +         Dismiss  .     x - +0 cloak of the Dwarven Hall {Str+6 Int+2} (curse)
rCorr  +         Reflect  +     o - +2 pair of gloves of Incorporation {rF+ Int+3}
SustAt .         Harm     .     T - +2 naga barding of Honour {+Blink MR+ rCorr}
MR     ++++.                    X - amulet of Agygher {Reflect Int+2 SH+2}
Stlth  +.........               e - ring of wizardry
                                d - ring "Ygypefe" {rF+ rC+ rN+ SInv}

@: about to teleport, deflect missiles, very slow, incredibly resistant to
hostile enchantments, very unstealthy
A: antennae 1, claws 1, fangs 1, stinger 1, thin metallic scales 1, thin
skeletal structure 1, see invisible, deformed body, deterioration 1, poison
resistance, screaming 2, electricity resistance, slowness 2, slow metabolism 1,
spit poison 3, strong 1, subdued magic 1, constrict 1, sturdy frame 1, AC +9
a: Breathe Poison Gas, Bend Time, Temporal Distortion, Slouch, Step From Time,
Renounce Religion, Evoke Blink
}: 5/15 runes: decaying, slimy, silver, abyssal, gossamer


You were in Pandemonium.
You worshipped Cheibriados.
Cheibriados was exalted by your worship.
You were hungry.

You visited 12 branches of the dungeon, and saw 61 of its levels.
You visited Pandemonium 1 time, and saw 8 of its levels.
You visited the Abyss 1 time.
You also visited: Trove and Wizlab.

You collected 11907 gold pieces.
You spent 5585 gold pieces at shops.

Inventory:

Hand Weapons
 c - a +9 demon trident of electrocution (weapon)
 P - the +8 glaive "Affyuhet" {freeze, MR+++ Str-4}
   (You found it in a treasure trove)

   It has been specially enchanted to freeze those struck by it, causing extra
   injury to most foes and up to half again as much damage against particularly
   susceptible opponents.
   It can also slow down cold-blooded creatures.
   It affects your strength (-4).
   It affects your resistance to hostile enchantments.
Armour
 o - the +2 pair of gloves of Incorporation (worn) {rF+ Int+3}
   (You found it on level 3 of the Depths)

   It affects your intelligence (+3).
   It protects you from fire.
 p - a +10 pearl dragon armour (worn)
 x - the cursed +0 cloak of the Dwarven Hall (worn) {Str+6 Int+2}
   (You found it on level 1 of the Crypt)

   It affects your strength (+6).
   It affects your intelligence (+2).
   It has a curse placed upon it.
 y - the +2 hat of the High Council (worn) {Archmagi, Wiz- Stlth-}
   (You acquired it in a treasure trove)

   It makes you less stealthy.
 B - a +1 hat of magic resistance
 T - the +2 naga barding of Honour (worn) {+Blink MR+ rCorr}
   (You acquired it on level 3 of the Swamp)

   It affects your resistance to hostile enchantments.
   It lets you blink.
   It protects you from acid and corrosion.
 U - a +0 shield of positive energy (worn)
Jewellery
 d - the ring "Ygypefe" (left hand) {rF+ rC+ rN+ SInv}
   (You took it off a deep elf annihilator on level 3 of the Elven Halls)

   [ring of protection from cold]

   It protects you from fire.
   It protects you from cold.
   It protects you from negative energy.
   It lets you see invisible.
 e - a ring of wizardry (right hand)
 M - the ring "Jaihevatz" {rF++ EV+6 Int-2 Slay+2}
   (You found it on level 8 of the Lair of Beasts)

   [ring of evasion]

   It affects your evasion (+6).
   It affects your intelligence (-2).
   It affects your accuracy and damage with ranged weapons and melee attacks
   (+2).
   It greatly protects you from fire.
 V - the amulet "Nepef" {RegenMP rC++ Str+3}
   (You found it in a treasure trove)

   [amulet of magic regeneration]

   It increases your magic regeneration.
   It affects your strength (+3).
   It greatly protects you from cold.
 X - the amulet of Agygher (around neck) {Reflect Int+2 SH+2}
   (You bought it in a shop on level 2 of the Elven Halls)

   [amulet of reflection]

   It shields you and reflects attacks.
   It affects your intelligence (+2).
   It affects your SH (+2).
 Z - an uncursed ring of sustain attributes
Wands
 t - a wand of iceblast (10/15)
 L - a wand of teleportation (8/9)
 Q - a wand of teleportation (8/9)
 W - a wand of digging (7/24)
 Y - a wand of teleportation (5/9)
Scrolls
 i - 25 scrolls of remove curse
 j - 11 scrolls of recharging
 m - 5 scrolls of magic mapping
 n - 10 scrolls of identify
 A - 16 scrolls of teleportation
 C - 10 scrolls of blinking
 D - 11 scrolls of amnesia
 F - 10 scrolls of fear
 G - 3 scrolls of immolation
 H - 3 scrolls of enchant weapon
 I - 11 scrolls of fog
 J - 5 scrolls of enchant armour
 K - a scroll of holy word
 R - 6 scrolls of summoning
Potions
 a - 4 potions of curing
 g - 10 potions of flight
 h - 6 potions of invisibility
 l - 7 potions of brilliance
 q - 5 potions of might
 r - 14 potions of ambrosia
 s - 7 potions of cure mutation
 u - 8 potions of agility
 v - 10 potions of cancellation
 z - 5 potions of magic
 O - 4 potions of heal wounds
Miscellaneous
 k - a lamp of fire
 E - a phial of floods
 N - a legendary deck of wonders {the Alchemist}
Comestibles
 b - 23 bread rations
 f - 29 meat rations


   Skills:
 + Level 22.7 Fighting
 - Level 21.0 Polearms
 * Level 13.9 Armour
 - Level 15.6 Dodging
 - Level 3.0 Stealth
 - Level 17.3 Shields
 - Level 4.0 Unarmed Combat
 * Level 17.7 Spellcasting
 - Level 7.5 Charms
 - Level 1.5 Summonings
 - Level 3.6 Necromancy
 - Level 6.2 Translocations
 - Level 25.0 Air Magic
 - Level 11.0 Invocations
 - Level 1.4 Evocations


You had 10 spell levels left.
You knew the following spells:

 Your Spells              Type           Power        Failure   Level  Hunger
a - Apportation           Tloc           ######....   1%          1    None
b - Shroud of Golubria    Chrm/Tloc      #######...   1%          2    None
c - Blink                 Tloc           N/A          1%          2    None
d - Portal Projectile     Tloc           ######       1%          3    None
e - Warp Weapon           Chrm/Tloc      #######...   1%          5    None
f - Regeneration          Chrm/Necr      ######....   1%          3    None
g - Control Undead        Necr           ######....   1%          4    None
h - Tornado               Air            ########..   2%          9    #####..
i - Aura of Abjuration    Summ           #####.....   7%          5    None
j - Statue Form           Trmt/Erth      #####....    80%         6    None
k - Deflect Missiles      Chrm/Air       ########..   1%          6    None
l - Silence               Hex/Air        #######...   1%          5    None


Dungeon Overview and Level Annotations

Branches:
Dungeon (15/15)            Temple (1/1) D:6            Lair (8/8) D:8
  Swamp (4/4) Lair:6       Spider (4/4) Lair:5        Slime (6/6) Lair:7
    Orc (2/2) D:12            Elf (3/3) Orc:2        Vaults (5/5) D:13
  Crypt (3/3) Vaults:2       Tomb (0/3) Crypt:3      Depths (5/5) D:15
    Zot (5/5) Depths:5

Altars:
Ashenzari
Cheibriados
Dithmenos
Elyvilon
Fedhas
Gozag
Kikubaaqudgha
Makhleb
Nemelex Xobeh
Okawaru
Pakellas
Qazlal
Ru
Sif Muna
Trog
Vehumet
Xom
Yredelemnul
Zin
The Shining One
Beogh

Shops:
D:5 [   D:6 %   D:7 *[!!}   D:10 =   Orc:2 ([[!*(%   Elf:2 !=*[   Vaults:4 ***
Vaults:5 ?   Depths:2 }

Portals:
Hell: Depths:1 Depths:2 Depths:3 Depths:4 Depths:5
Abyss: Depths:1 Depths:4
Pandemonium: Depths:2 Depths:3
Ziggurat: Depths:3

Annotations:
D:6 Prince Ribbit
D:8 exclusions: 2 doors and 1 more exclusion
Swamp:4 exclusion: Roxanne, Roxanne
Elf:2 3 runed doors, exclusion: 2 obsidian statues


Innate Abilities, Weirdness & Mutations

You cannot wear boots.
Your serpentine skin is tough (AC +9).
You have supernaturally acute eyesight.
Armour fits poorly on your strangely shaped body.
Your system is resistant to poisons.
You cover ground very slowly.
You have a slow metabolism.
You can exhale a cloud of poison.
You can use your snake-like lower body to constrict enemies.
You have a pair of small antennae on your head.
You have sharp fingernails.
You have very sharp teeth.
Your tail ends in a poisonous barb.
You are partially covered in thin metallic scales (AC +2).
You have a somewhat thin skeletal structure (Dex +2, Stealth).
Your body sometimes deteriorates upon taking damage.
You sometimes yell uncontrollably at your foes.
You are resistant to electric shocks.
Your muscles are strong. (Str +2)
Your spells are a little easier to cast, but a little less powerful.
Your movements are slightly less encumbered by armour (ER -2).


Message History

The hellfire explodes!
The blast of hellfire engulfs you!
* * * LOW HITPOINT WARNING * * *
The blast of hellfire engulfs the Brimstone Fiend.
The Brimstone Fiend completely resists.
A Brimstone Fiend comes into view.
The Brimstone Fiend roars!
You hear a roar! x2
You impale the Brimstone Fiend!!
You kill the Brimstone Fiend!
Cheibriados thoroughly appreciates the change of pace.
Some weird stuff shatters into small pieces.
The smoke demon gestures at you. The sticky flame misses you.
Read which item? (? for menu, Esc to quit)
As you read the scroll of teleportation, it crumbles to dust.
You feel strangely unstable. The smoke demon gestures at you.
The ball of steam reflects off an invisible shield around you!
The Brimstone Fiend gestures at you.
The hellfire explodes!
The blast of hellfire engulfs you!
You die...

.... .##..6.§
...... ......JJ
...... ##....§.
!..... ...#§§[.
###....##..###....
#. ##....#....
#.....
##.###.........#
#.##..
#.......§§§.#..#
#. ##.
...#....@§§§3....
. ..
#####§.§..#... .
## #.........
#.........
......2...
##...#.....
#####1#... .##..


You could see a Brimstone Fiend and a cacodemon.

Vanquished Creatures
  the Royal Jelly (Slime:6)
  Dissolution (Slime:1)
  3 ancient liches
  Mara (Spider:3)
  3 juggernauts (Depths:4)
  Sojobo (Depths:1)
  An iron giant (Depths:4)
  Boris (Vaults:3)
  4 pandemonium lords (Pan)
  Frederick (Vaults:3)
  3 Killer Klowns (Zot:2)
  the Lernaean hydra (Swamp:4)
  A curse toe (Crypt:3)
  A caustic shrike (Depths:4)
  14 golden dragons
  Xtahua (Depths:3)
  Nikola (Vaults:2)
  4 bone dragons
  Arachne (Spider:3)
  the Enchantress (Depths:5)
  Jorgrun (Spider:4)
  An electric golem (Zot:2)
  8 liches
  4 Brimstone Fiends (Pan)
  A Hell Sentinel (Pan)
  20 tentacled monstrosities
  5 deep elf blademasters
  4 quicksilver dragons
  An Ice Fiend (Pan)
  7 titans
  2 Shadow Fiends (Pan)
  5 Executioners
  Asterion (Elf:2)
  6 death cobs
  2 deep elf master archers (Elf:3)
  6 tentacled starspawn
  18 acid blobs
  Agnes (Elf:2)
  9 ancient champions
  Frances (Swamp:2)
  17 storm dragons
  2 eldritch tentacles
  3 thorn hunters
  5 sphinxes
  10 tengu reavers
  4 revenants
  31 large abominations
  8 shadow dragons
  An azure jelly (shapeshifter) (Vaults:2)
  3 draconian monks
  3 iron dragons
  Maud (D:13)
  11 frost giants
  A daeva (Abyss:3)
  8 deep elf sorcerers
  10 azure jellies (Slime:6)
  Donald (Crypt:2)
  5 ghost moths
  11 fire giants
  23 vault wardens
  5 orc warlords
  Wiglaf (Spider:3)
  2 curse skulls
  3 draconian scorchers
  2 draconian knights (Zot:2)
  4 corrupters (Pan)
  4 emperor scorpions
  2 balrugs (Pan)
  8 draconian zealots
  6 cacodemons
  2 draconian shifters
  7 deep elf elementalists (Elf:3)
  A warmonger (Pan)
  A caustic shrike zombie (Crypt:3)
  2 reapers
  22 ghouls
  13 very ugly things
  5 spriggan defenders
  18 stone giants
  27 ironheart preservers
  A draconian caller (Zot:4)
  3 draconian annihilators
  3 war gargoyles (Vaults:5)
  5 vampire knights
  5 lorocyprocas (Pan)
  Nessos (D:13)
  8 black draconians
  8 deep elf demonologists
  9 red draconians
  15 green draconians
  9 white draconians
  3 black suns (Pan)
  Azrael (Spider:3)
  2 blood saints (Pan)
  15 deep elf annihilators
  2 purple draconians (Depths:5)
  13 yellow draconians
  5 chaos champions (Pan)
  9 mottled draconians
  6 eidola
  3 spark wasps
  13 ettins
  3 green deaths (Pan)
  13 deep elf death magi
  45 vault guards
  A mummy priest (Crypt:3)
  10 death oozes (Slime:6)
  22 fire dragons
  2 blizzard demons (Pan)
  5 rakshasas
  17 yaktaur captains
  5 entropy weavers
  A quicksilver dragon skeleton (Crypt:1)
  9 jiangshi
  Erolcha (D:13)
  11 great orbs of eyes
  5 deep elf high priests
  5 hell beasts (Pan)
  Harold (D:12)
  A ghost crab (shapeshifter) (Vaults:1)
  20 ice dragons
  4 monstrous demonspawn (Pan)
  20 hydras
  9 spriggan air magi
  Erica (D:10)
  4 catoblepae
  7 death knights
  16 centaur warriors
  A satyr (shapeshifter) (Vaults:5)
  13 dancing weapons
  14 ogre magi
  7 tengu warriors
  17 death yaks
  13 deep troll shamans
  10 alligators
  9 deep troll earth magi
  10 vampire magi
  A titan zombie (Abyss:2)
  5 orc high priests (Orc:2)
  6 spriggan berserkers
  2 hell hogs (Depths:5)
  3 thrashing horrors
  17 hell knights
  Sonja (D:12)
  The ghost of YrmMerkstave the Fighter, a novice MiBe of Trog (D:11)
  2 titan skeletons (Crypt:1)
  18 spriggans
  16 soul eaters
  3 wretched stars (Abyss:2)
  22 deep elf knights
  7 sun demons (Pan)
  A fire crab (Vaults:1)
  2 storm dragon zombies
  A golden dragon zombie (Abyss:2)
  6 shadow wraiths
  32 skeletal warriors
  A sea snake (shapeshifter) (Depths:4)
  5 iron trolls
  2 storm dragon skeletons
  7 death scarabs (Spider:4)
  A deep troll (shapeshifter) (Vaults:2)
  A death drake (shapeshifter) (Vaults:1)
  24 deep elf archers
  3 unseen horrors
  9 flayed ghosts
  A shadow demon (Pan)
  An obsidian statue (WizLab)
  12 swamp dragons
  4 infernal demonspawn (Pan)
  3 spectral wolf spiders (Spider:4)
  5 putrid demonspawn (Pan)
  42 deep trolls
  9 giant orange brains
  A spriggan druid (Swamp:4)
  3 shambling mangroves
  An anaconda zombie (Crypt:2)
  9 phantasmal warriors
  An anaconda skeleton (Crypt:3)
  6 gelid demonspawn
  15 ironbrand convokers
  A torturous demonspawn (Pan)
  A hill giant (shapeshifter) (Vaults:5)
  A lindwurm (Lair:8)
  14 necromancers
  2 golden dragon skeletons
  25 orc knights
  A tengu zombie (Vaults:3)
  2 wizards (Vaults:3)
  9 orc sorcerers
  A shadow dragon zombie (Crypt:3)
  An iron dragon zombie (Abyss:2)
  A shining eye (shapeshifter) (Vaults:4)
  5 hill giants
  A mana viper (Abyss:3)
  3 frost giant zombies
  14 griffons
  7 shining eyes
  67 ugly things
  13 hornets
  6 orb spiders
  A tengu skeleton (Vaults:3)
  11 harpies
  A hornet (shapeshifter) (Depths:5)
  76 deep elf magi
  2 fire giant zombies
  11 cyclopes
  41 wolf spiders
  2 shadow dragon skeletons
  A manticore (D:13)
  3 worldbinders
  2 octopodes (shapeshifter)
  15 elephants
  4 black mambas
  31 moths of wrath
  15 vault sentinels
  The ghost of wvc the Ruffian, a novice NaMo (D:4)
  2 eyes of devastation
  An iron dragon skeleton (Crypt:1)
  3 apocalypse crabs
  7 sixfirhies
  19 smoke demons
  7 orange demons
  A human skeleton (Vaults:3)
  17 spiny frogs
  3 torpor snails
  A gargoyle (D:14)
  A kobold demonologist (Vaults:2)
  A hellion (Pan)
  An emperor scorpion zombie (Crypt:3)
  38 yaktaurs
  11 komodo dragons
  A yaktaur (shapeshifter) (Vaults:5)
  6 efreet
  2 ice devils
  2 redback zombies (Spider:4)
  A dire elephant skeleton (Crypt:1)
  15 demonic crawlers
  3 tormentors (Pan)
  3 spectral redbacks (Spider:4)
  A komodo dragon (shapeshifter) (D:14)
  7 ancient zymes
  A death yak zombie (Crypt:1)
  2 fire drakes
  9 red devils
  9 freezing wraiths
  A polar bear (shapeshifter) (Elf:1)
  7 hellwings (Pan)
  A mottled draconian skeleton (Crypt:3)
  9 tengu conjurers
  A minotaur zombie (Crypt:3)
  A troll (shapeshifter) (Vaults:1)
  A queen bee (shapeshifter) (Vaults:4)
  10 trolls
  2 guardian mummies (Crypt:3)
  A queen bee (Depths:4)
  A hydra zombie (Crypt:3)
  51 jumping spiders
  5 spectral jumping spiders (Spider:4)
  A hydra skeleton (Crypt:1)
  2 polar bears (Lair:8)
  A tengu simulacrum (Vaults:3)
  34 two-headed ogres
  A spectral hornet (Spider:4)
  Grinder (D:5)
  98 slime creatures
  2 spectral tarantellas (Spider:4)
  16 blink frogs
  A blink frog (shapeshifter) (Elf:2)
  2 tarantella zombies (Spider:4)
  7 giant leeches
  4 boulder beetles
  2 ushabtiu (Crypt:3)
  10 raiju
  2 fire dragon zombies
  2 harpy skeletons
  13 bog bodies
  3 hornet zombies
  A jumping spider zombie (Spider:4)
  An alligator zombie (Crypt:1)
  12 air elementals
  3 centaur simulacra
  A frost giant simulacrum (Vaults:4)
  5 shadows
  2 ettin skeletons (Crypt:1)
  92 redbacks
  11 water elementals
  9 wraiths
  10 flying skulls
  66 yaks
  39 tarantellas
  8 fire elementals
  3 wyverns
  26 ynoxinuls
  A fire bat (Abyss:2)
  2 ice dragon skeletons (Crypt:3)
  6 golden eyes
  A giant leech zombie (Crypt:3)
  A yak (shapeshifter) (Vaults:4)
  4 basilisks
  A steam dragon (shapeshifter) (Vaults:4)
  4 hungry ghosts
  A hog (shapeshifter) (Depths:5)
  A golden eye (shapeshifter) (Depths:2)
  Grum (D:9)
  11 neqoxecs
  11 hippogriffs
  A redback simulacrum (Vaults:2)
  33 vampire mosquitoes
  9 chaos spawn
  Menkaure (D:6)
  32 wolves
  3 spatial vortices (WizLab)
  18 swamp worms
  A torturous demonspawn zombie (Crypt:2)
  2 hydra simulacra
  8 insubstantial wisps
  Edmund (D:6)
  13 wargs
  2 spiny frog zombies
  Duvessa (D:5)
  A gelid demonspawn skeleton (Crypt:1)
  21 water moccasins
  A spiny frog skeleton (Crypt:2)
  12 hell hounds
  7 porcupines
  A hornet simulacrum (D:15)
  47 orc warriors
  2 sky beasts
  12 swamp drakes
  7 ice beasts
  8 eyes of draining
  A manticore zombie (Crypt:3)
  22 wasps
  5 phantoms
  3 black bears
  50 ogres
  8 necrophages
  24 centaurs
  10 boggarts
  15 crocodiles
  A salamander zombie (Crypt:3)
  A manticore skeleton (Crypt:1)
  5 big kobolds
  Blork the orc (D:5)
  19 giant frogs
  A gnoll sergeant (D:9)
  A wyvern zombie (Crypt:1)
  Dowan (D:5)
  A water moccasin zombie (D:7)
  2 earth elementals (Elf:3)
  2 scorpions
  16 small abominations
  A wyvern skeleton (Crypt:2)
  37 killer bees
  A troll zombie (Crypt:2)
  A wolf zombie (Crypt:2)
  2 elf simulacra
  4 electric eels
  11 wights
  11 crimson imps
  35 starcursed masses
  2 centaur zombies (D:11)
  2 quasits
  A wasp zombie (D:4)
  12 hounds
  27 jellies
  31 orc priests
  4 giant frog skeletons
  An iron imp (Abyss:2)
  40 orc wizards
  Jessica (D:3)
  2 centaur skeletons
  11 iguanas
  Ijyb (D:3)
  11 worker ants
  34 sheep
  A naga zombie (Crypt:3)
  A big kobold zombie (Crypt:3)
  A big kobold skeleton (Crypt:2)
  A deep dwarf zombie (Crypt:1)
  A hound zombie (D:7)
  A hound skeleton (D:9)
  A worker ant zombie (D:5)
  13 adders
  14 gnolls
  71 river rats
  4 shadow imps
  A white imp (Vaults:4)
  2 ufetubi
  4 oozes
  An adder zombie (D:9)
  2 lava snake skeletons
  A worm (shapeshifter) (Depths:4)
  An adder skeleton (D:4)
  6 worms
  3 dart slugs
  7 giant geckos
  114 orcs
  A ball python (D:4)
  10 giant cockroaches
  6 hobgoblins
  5 jackals
  6 quokkas
  9 bats
  A giant gecko skeleton (D:8)
  A giant gecko zombie (D:7)
  4 giant newts
  14 goblins
  A goblin skeleton (Crypt:2)
  18 kobolds
  A quokka skeleton (D:6)
  14 rats
  A briar patch (Swamp:2)
  2 fungi
  A lost soul (Crypt:3)
  8 macabre masses (Abyss:3)
  4 plants
  4 starspawn tentacles
3496 creatures vanquished.

Vanquished Creatures (collateral kills)
  A lich (Crypt:3)
  A ghoul (Crypt:3)
  A mummy priest (Crypt:3)
  4 skeletal warriors
  An iron dragon skeleton (Crypt:3)
  An ushabti (Crypt:3)
  A stone giant simulacrum (Crypt:3)
  A fire dragon skeleton (Crypt:3)
  A black mamba skeleton (Crypt:3)
12 creatures vanquished.

Vanquished Creatures (others)
  A fire giant (Depths:4)
  A draconian scorcher (Zot:2)
  A deep elf elementalist (Abyss:3)
  3 stone giants
  A vault guard (Vaults:1)
  9 yaktaur captains
  2 centaur warriors
  An ogre mage (Vaults:2)
  2 deep elf archers (Vaults:5)
  3 deep elf magi
  An orc knight (Vaults:4)
  A wolf spider (Spider:3)
  An elf zombie (Depths:3)
  An orange demon (Pan)
  19 yaktaurs
  A jumping spider (Spider:3)
  2 two-headed ogres (Vaults:2)
  A water elemental (Elf:1)
  A hippogriff (Lair:7)
  An orc warrior (Vaults:4)
  7 ogres
  3 centaurs
  An orc priest (Vaults:1)
  3 sheep
  An orc (Vaults:4)
  3585 eldritch tentacle segments
  26 fungi
  4 lost souls
  22 plants
  12 starspawn tentacles
  119 starspawn tentacle segments
3836 creatures vanquished.

Grand Total: 7344 creatures vanquished

Notes
Turn   | Place    | Note
--------------------------------------------------------------
     0 | D:1      | wvc the Naga Monk began the quest for the Orb.
     0 | D:1      | Reached XP level 1. HP: 21/21 MP: 1/1
   275 | D:1      | Reached XP level 2. HP: 28/28 MP: 2/2
   878 | D:1      | Reached skill level 1 in Armour
   878 | D:1      | Reached XP level 3. HP: 32/36 MP: 3/3
  1457 | D:2      | Reached XP level 4. HP: 35/44 MP: 4/4
  1697 | D:2      | Found an oddly glowing altar of Pakellas.
  1740 | D:2      | Found an oddly glowing altar of Pakellas.
  1742 | D:2      | Found a stormy altar of Qazlal.
  1742 | D:2      | Found a glowing silver altar of Zin.
  1743 | D:2      | Found a sacrificial altar of Ru.
  1744 | D:2      | Found a white marble altar of Elyvilon.
  1745 | D:2      | Found a bloodstained altar of Trog.
  2059 | D:2      | Gained mutation: You have very sharp teeth. [potion of mutation]
  2059 | D:2      | Gained mutation: Your tail ends in a poisonous barb. [potion of mutation]
  2059 | D:2      | Gained mutation: You are dopey. (Int -2) [potion of mutation]
  2268 | D:3      | Reached XP level 5. HP: 41/51 MP: 5/5
  2411 | D:3      | Noticed Ijyb
  2421 | D:3      | Killed Ijyb
  2456 | D:3      | Reached skill level 1 in Polearms
  2878 | D:3      | Found a glowing golden altar of the Shining One.
  2958 | D:3      | Found a faded altar to an unknown god.
  3048 | D:3      | Noticed Jessica
  3061 | D:3      | Killed Jessica
  3061 | D:3      | Reached XP level 6. HP: 58/58 MP: 6/6
  3098 | D:4      | Noticed wvc's ghost (novice NaMo)
  3115 | D:4      | Noticed a phantom
  3182 | D:4      | Killed a phantom
  3484 | D:4      | Reached XP level 7. HP: 43/66 MP: 7/7
  3498 | D:4      | Lost mutation: You are dopey. (Int -2) [potion of mutation]
  3498 | D:4      | Gained mutation: Your magical capacity is low (-10% MP). [potion of mutation]
  3498 | D:4      | Gained mutation: You are partially covered in thin metallic scales (AC +2). [potion of mutation]
  3667 | D:4      | Reached skill level 5 in Armour
  3818 | D:4      | Killed wvc's ghost
  3818 | D:4      | Reached skill level 5 in Polearms
  3818 | D:4      | Reached XP level 8. HP: 39/73 MP: 7/7
  4755 | D:5      | Entered Level 5 of the Dungeon
  4864 | D:5      | Noticed Duvessa
  4870 | D:5      | Noticed Dowan
  4873 | D:5      | Killed Duvessa
  4892 | D:5      | Killed Dowan
  5299 | D:5      | Found Xetuol's Antique Armour Shop.
  5299 | D:5      | Noticed Grinder
  5340 | D:5      | Killed Grinder
  5340 | D:5      | Reached XP level 9. HP: 66/79 MP: 8/8
  5348 | D:5      | Bought a pair of runed gloves for 103 gold pieces
  5595 | D:5      | Noticed Blork the orc
  5601 | D:5      | Killed Blork the orc
  5769 | D:5      | Bought a glowing helmet for 103 gold pieces
  5908 | D:6      | Found a staircase to the Ecumenical Temple.
  5917 | Temple   | Entered the Ecumenical Temple
  6234 | D:6      | Found Dyirubeng's Food Boutique.
  6519 | D:6      | Found a shadowy altar of Dithmenos.
  6670 | D:6      | Noticed Menkaure
  6674 | D:6      | Noticed Edmund
  6687 | D:6      | Killed Menkaure
  6709 | D:6      | Killed Edmund
  6967 | D:6      | Noticed Prince Ribbit
  7012 | D:6      | Reached skill level 10 in Polearms
  7096 | D:6      | Found a snail-covered altar of Cheibriados.
  7097 | D:6      | Found a deep blue altar of Sif Muna.
  7097 | D:6      | Found a shimmering altar of Xom.
  7097 | D:6      | Found an opulent altar of Gozag.
  7103 | D:6      | Found a shadowy altar of Dithmenos.
  7103 | D:6      | Found an iron altar of Okawaru.
  7116 | D:6      | Became a worshipper of Cheibriados the Contemplative
  7116 | D:6      | Reached * piety under Cheibriados
  7116 | D:6      | Reached ** piety under Cheibriados
  7444 | D:7      | Found Tyilum's Distillery.
  7450 | D:7      | Bought a potion of heal wounds for 75 gold pieces
  7580 | D:7      | Found Locyimank's Armour Boutique.
  7876 | D:7      | Reached *** piety under Cheibriados
  7887 | D:7      | Found Hod Asot's Gadget Shop.
  7989 | D:7      | Reached XP level 10. HP: 87/87 MP: 9/9
  8079 | D:7      | Found Xouloef's Distillery.
  8087 | D:7      | Gained mutation: Your mind is acute. (Int +2) [potion of mutation]
  8087 | D:7      | Gained mutation: You can exhale a cloud of poison. [potion of mutation]
  8087 | D:7      | Lost mutation: Your mind is acute. (Int +2) [potion of mutation]
  8088 | D:7      | Lost mutation: You can exhale a cloud of poison. [potion of mutation]
  8088 | D:7      | Gained mutation: You have a somewhat thin skeletal structure (Dex +2, Stealth). [potion of mutation]
  8173 | D:7      | Found Caokhle's Assorted Antiques.
  8205 | D:7      | Bought a scroll labeled EMAEW ASYHEUCK for 24 gold pieces
  8205 | D:7      | Bought a sedimented yellow potion for 21 gold pieces
  8281 | D:7      | Gained mutation: You have a pair of small antennae on your head. [potion of mutation]
  8281 | D:7      | Gained mutation: Your mind is acute. (Int +2) [potion of mutation]
  9161 | D:8      | Reached **** piety under Cheibriados
  9197 | D:8      | Noticed a three-headed hydra
  9736 | D:8      | Found a staircase to the Lair.
  9891 | D:8      | Reached ***** piety under Cheibriados
 10047 | D:9      | Noticed Grum
 10069 | D:9      | Killed Grum
 10428 | D:9      | Reached XP level 11. HP: 91/93 MP: 9/9
 11050 | D:9      | Got a polished shield
 11062 | D:9      | Identified the cursed -3 shield "Zoogrouxt" {Int+3 Slay+3} (You took it off a gnoll on level 9 of the Dungeon)
 11093 | Lair:1   | Entered Level 1 of the Lair of Beasts
 11288 | Lair:1   | Noticed an eight-headed hydra
 11302 | Lair:1   | Killed an eight-headed hydra
 11302 | Lair:1   | Reached skill level 5 in Fighting
 11302 | Lair:1   | Reached skill level 1 in Invocations
 11588 | Lair:1   | Noticed a five-headed hydra
 11599 | Lair:1   | Killed a five-headed hydra
 11980 | Lair:1   | Noticed an eight-headed hydra
 11992 | Lair:1   | Killed an eight-headed hydra
 12559 | Lair:1   | Reached skill level 15 in Polearms
 12781 | Lair:2   | Reached XP level 12. HP: 104/104 MP: 13/13
 12915 | Lair:2   | Found a snail-covered altar of Cheibriados.
 12958 | Lair:2   | Reached ****** piety under Cheibriados
 13708 | Lair:3   | Identified a scroll of acquirement
 14798 | Lair:4   | Noticed a five-headed hydra
 14805 | Lair:4   | Killed a five-headed hydra
 14805 | Lair:4   | Reached skill level 5 in Invocations
 15078 | Lair:4   | Learned a level 1 spell: Apportation
 15081 | Lair:4   | Learned a level 2 spell: Shroud of Golubria
 15084 | Lair:4   | Learned a level 2 spell: Blink
 15088 | Lair:4   | Learned a level 3 spell: Portal Projectile
 15146 | Lair:5   | Identified Xaefocan's Catalogue of Malediction
 15266 | Lair:5   | Found a hole to the Spider Nest.
 15569 | Lair:5   | Gained mutation: You can use your snake-like lower body to constrict enemies. [Naga growth]
 15569 | Lair:5   | Reached XP level 13. HP: 104/115 MP: 15/15
 16074 | Lair:6   | Reached skill level 1 in Translocations
 16116 | Lair:6   | Reached skill level 5 in Dodging
 16450 | Lair:6   | Found a staircase to the Swamp.
 17539 | Lair:7   | Found a staircase to the Slime Pits.
 18460 | Lair:8   | Entered Level 8 of the Lair of Beasts
 18485 | Lair:8   | Reached XP level 14. HP: 129/129 MP: 17/17
 18815 | Lair:8   | Got a fine golden ring
 18835 | Lair:8   | Got a twisted lajatang
 18836 | Lair:8   | Identified the cursed +2 lajatang "Worm's Wrath" {slice, MR+ SInv Stlth+} (You found it on level 8 of the Lair of Beasts)
 18843 | Lair:8   | Identified the ring "Jaihevatz" {rF++ EV+6 Int-2 Slay+2} (You found it on level 8 of the Lair of Beasts)
 19013 | Lair:8   | Reached skill level 10 in Fighting
 19586 | D:10     | Entered Level 10 of the Dungeon
 19752 | D:10     | Noticed Erica
 19759 | D:10     | Killed Erica
 19883 | D:10     | Found Komninn's Jewellery Shoppe.
 19997 | D:7      | Bought a wand of teleportation (3/9) for 252 gold pieces
 20038 | D:7      | Bought a scroll of enchant armour for 180 gold pieces
 20433 | D:11     | Noticed YrmMerkstave's ghost (novice MiBe)
 20489 | D:11     | Killed YrmMerkstave's ghost
 20520 | D:11     | Found a shattered altar of Ashenzari.
 20896 | D:12     | Noticed Harold
 20900 | D:12     | Noticed Sonja
 20901 | D:12     | Killed Harold
 20908 | D:12     | Killed Sonja
 20929 | D:12     | Found a blossoming altar of Fedhas.
 21043 | D:12     | Found a staircase to the Orcish Mines.
 21054 | D:12     | Found a roughly hewn altar of Beogh.
 21107 | Orc:1    | Entered Level 1 of the Orcish Mines
 21114 | Orc:1    | Reached XP level 15. HP: 134/142 MP: 19/19
 21241 | Orc:2    | Entered Level 2 of the Orcish Mines
 21241 | Orc:2    | Found Heckius's Jewellery Boutique.
 21241 | Orc:2    | Noticed an orc warlord
 21243 | Orc:2    | Reached skill level 10 in Armour
 21247 | Orc:2    | Killed an orc warlord
 21441 | Orc:2    | Found Nucajule's Antique Armour Boutique.
 21441 | Orc:2    | Noticed an orc warlord
 21451 | Orc:2    | Killed an orc warlord
 21479 | Orc:2    | Found Zagume's Armour Shoppe.
 21491 | Orc:2    | Found Koenij's General Store.
 21494 | Orc:2    | Reached skill level 10 in Invocations
 21564 | Orc:2    | Bought a +0 hat for 64 gold pieces
 21605 | Orc:2    | Found Puogguh's Food Emporium.
 21635 | Orc:2    | Found a staircase to the Elven Halls.
 21754 | Orc:2    | Found Wedawuon's Antique Weapon Emporium.
 21764 | Orc:2    | Reached skill level 1 in Evocations
 21960 | Orc:2    | Found Beleuxet's Distillery.
 21976 | Orc:2    | Bought a potion of curing for 45 gold pieces
 21976 | Orc:2    | Bought a potion of heal wounds for 75 gold pieces
 21976 | Orc:2    | Bought a potion of might for 60 gold pieces
 21976 | Orc:2    | Bought a potion of mutation for 37 gold pieces
 21976 | Orc:2    | Bought a potion of flight for 45 gold pieces
 22013 | Orc:2    | Found Catetuwo's Weapon Emporium.
 22127 | Orc:2    | Bought a +1 demon trident of electrocution for 445 gold pieces
 22423 | Spider:1 | Entered Level 1 of the Spider Nest
 23247 | Spider:1 | Noticed a ghost moth
 23250 | Spider:1 | Killed a ghost moth
 23306 | Spider:1 | Reached XP level 16. HP: 156/156 MP: 17/21
 23911 | Spider:2 | Identified the Handbook of Dislocated Toxins
 23918 | Spider:2 | Learned a level 5 spell: Warp Weapon
 24020 | Spider:2 | You fall through a shaft!
 24024 | Spider:3 | Noticed Azrael
 24049 | Spider:3 | Killed Azrael
 24049 | Spider:3 | Reached skill level 1 in Spellcasting
 24150 | Spider:3 | Noticed Mara
 24159 | Spider:3 | Killed Mara
 24159 | Spider:3 | Reached skill level 1 in Charms
 24402 | Spider:3 | Noticed Arachne
 25184 | Spider:3 | Killed Arachne
 25184 | Spider:3 | Reached skill level 10 in Dodging
 25547 | Spider:3 | Noticed Wiglaf
 25555 | Spider:3 | Killed Wiglaf
 25779 | Spider:3 | Reached XP level 17. HP: 166/166 MP: 22/22
 25923 | Spider:4 | Entered Level 4 of the Spider Nest
 25971 | Spider:4 | Noticed Jorgrun
 25979 | Spider:4 | Killed Jorgrun
 26393 | Spider:4 | Reached skill level 5 in Charms
 26942 | Spider:4 | Reached skill level 5 in Translocations
 27629 | Spider:4 | Got a gossamer rune of Zot
 28338 | D:12     | Reached skill level 5 in Spellcasting
 28569 | D:5      | Bought a glowing naga barding for 529 gold pieces
 28823 | Orc:2    | Reached skill level 15 in Fighting
 28823 | Orc:2    | Reached XP level 18. HP: 157/178 MP: 23/23
 28833 | Orc:2    | Bought a shiny shield for 139 gold pieces
 28968 | D:13     | Reached skill level 1 in Shields
 29004 | D:13     | Noticed Nessos
 29040 | D:13     | Killed Nessos
 29251 | D:13     | Got a polished helmet
 29252 | D:13     | Identified the cursed +0 helmet "Putraseu" {*Contam rElec rF+} (You found it on level 13 of the Dungeon)
 29265 | D:13     | Noticed Erolcha
 29271 | D:13     | Killed Erolcha
 29374 | D:13     | Noticed Maud
 29418 | D:13     | Killed Maud
 29470 | D:13     | Found a gate to the Vaults.
 29735 | D:13     | Gained mutation: You evolve. [potion of beneficial mutation]
 29736 | D:13     | Gained mutation: You have sharp fingernails. [potion of beneficial mutation]
 30272 | Swamp:1  | Entered Level 1 of the Swamp
 30384 | Swamp:1  | Reached skill level 5 in Shields
 30992 | Swamp:2  | Gained mutation: Your tail ends in a sharp poisonous barb. [evolution]
 31077 | Swamp:2  | Noticed Frances
 31164 | Swamp:2  | Killed Frances
 31257 | Swamp:2  | You fall through a shaft!
 31369 | Swamp:3  | Got a crude naga barding
 31380 | Swamp:3  | Identified the +2 naga barding of Honour {+Blink MR+ rCorr} (You acquired it on level 3 of the Swamp)
 32104 | Swamp:4  | Entered Level 4 of the Swamp
 32220 | Swamp:4  | Reached XP level 19. HP: 174/187 MP: 24/24
 32250 | Swamp:4  | Noticed the 27-headed Lernaean hydra
 32268 | Swamp:4  | Killed the 27-headed Lernaean hydra
 32311 | Swamp:4  | Reached skill level 10 in Shields
 32436 | Swamp:4  | Got a decaying rune of Zot
 32503 | Swamp:4  | Noticed Roxanne
 33503 | Elf:1    | Entered Level 1 of the Elven Halls
 33671 | Elf:1    | Gained mutation: You have a pair of antennae on your head. [potion of beneficial mutation]
 34249 | Elf:1    | Found an ancient bone altar of Kikubaaqudgha.
 34515 | Elf:1    | Gained mutation: You are resistant to electric shocks. [evolution]
 34676 | Elf:2    | Found Pahohud's Assorted Antiques.
 34692 | Elf:2    | Found Rantipp's Antique Armour Shop.
 34696 | Elf:2    | Bought an embroidered cloak for 157 gold pieces
 34725 | Elf:2    | Found Cecvuxt's Distillery.
 34732 | Elf:2    | Bought a potion of heal wounds for 65 gold pieces
 34732 | Elf:2    | Bought a potion of heal wounds for 65 gold pieces
 34732 | Elf:2    | Bought a potion of beneficial mutation for 455 gold pieces
 34734 | Elf:2    | Gained mutation: Your muscles are strong. (Str +2) [potion of beneficial mutation]
 34764 | Elf:2    | Found a magical portal.
 34772 | WizLab   | Entered The Roulette of Golubria
 34777 | WizLab   | Found a corrupted altar of Lugonu.
 35128 | WizLab   | Identified the Guide on Translocation
 35182 | WizLab   | Got a steaming cloak
 35212 | WizLab   | Identified the +0 cloak of the Peasants {+Inv} (You found it in a wizard's laboratory)
 35247 | WizLab   | Got a crude cloak
 35248 | WizLab   | Identified the +0 cloak of Activism {rElec rN+ MR- Str+5} (You found it in a wizard's laboratory)
 35325 | Elf:2    | Reached XP level 20. HP: 195/195 MP: 25/25
 35359 | Elf:2    | Found Dutoimum's Jewellery Emporium.
 35378 | Elf:2    | Noticed Agnes
 35385 | Elf:2    | Killed Agnes
 35598 | Elf:2    | Found a runed gate.
 35598 | Elf:2    | Found a runed gate.
 35608 | Elf:2    | Found a runed gate.
 35743 | Elf:2    | Noticed Asterion
 35760 | Elf:2    | Killed Asterion
 35912 | Elf:3    | Entered Level 3 of the Elven Halls
 36243 | Elf:3    | Reached skill level 15 in Shields
 36248 | Elf:3    | Noticed a Brimstone Fiend
 36818 | Elf:3    | Noticed a Brimstone Fiend
 36905 | Elf:3    | Got a crude steel ring
 36909 | Elf:3    | Identified the ring "Ygypefe" {rF+ rC+ rN+ SInv} (You took it off a deep elf annihilator on level 3 of the Elven Halls)
 37003 | Elf:3    | Lost mutation: You have a pair of antennae on your head. [evolution]
 37040 | Elf:3    | Learned a level 3 spell: Regeneration
 37138 | Elf:3    | Identified the Compendium of Conjuration
 37144 | Elf:3    | Identified the Reference Book on Talismans
 37149 | Elf:3    | Learned a level 3 spell: Ozocubu's Armour
 37169 | Elf:3    | Identified Easy Magic
 37353 | Elf:3    | Found a radiant altar of Vehumet.
 37472 | Elf:3    | Reached XP level 21. HP: 198/202 MP: 26/26
 38868 | D:15     | Entered Level 15 of the Dungeon
 38955 | D:15     | Found a sparkling altar of Nemelex Xobeh.
 39549 | D:15     | Found a staircase to the Depths.
 39885 | Elf:2    | Bought the amulet of Agygher {Reflect Int+2 SH+2} for 579 gold pieces
 40084 | Vaults:1 | Entered Level 1 of the Vaults
 41472 | Vaults:1 | Reached XP level 22. HP: 217/217 MP: 30/30
 41802 | Vaults:2 | Found a staircase to the Crypt.
 42103 | Vaults:2 | Noticed Nikola
 42135 | Vaults:2 | Killed Nikola
 43077 | Vaults:3 | Noticed Boris
 43090 | Vaults:3 | Killed Boris
 43561 | Vaults:3 | Reached XP level 23. HP: 230/230 MP: 33/33
 43893 | Vaults:3 | Noticed Frederick
 43901 | Vaults:3 | Killed Frederick
 43901 | Vaults:3 | Reached skill level 10 in Spellcasting
 44746 | Vaults:4 | Found Gozag's Assorted Antiques.
 44747 | Vaults:4 | Found Gozag's Assorted Antiques.
 44841 | Vaults:4 | Found an opulent altar of Gozag.
 44841 | Vaults:4 | Found Gozag's Assorted Antiques.
 44881 | Vaults:4 | Bought an embroidered hat for 400 gold pieces
 45007 | Vaults:4 | Lost mutation: Your muscles are strong. (Str +2) [evolution]
 45399 | Vaults:5 | Entered Level 5 of the Vaults
 45403 | Vaults:5 | Reached XP level 24. HP: 227/243 MP: 26/34
 45403 | Vaults:5 | Reached skill level 1 in Necromancy
 45417 | Vaults:5 | Noticed an ancient lich
 45423 | Vaults:5 | Killed an ancient lich
 45698 | Vaults:5 | Noticed an ancient lich
 45732 | Vaults:5 | Killed an ancient lich
 45742 | Vaults:5 | Found Ditefis's Magic Scroll Shop.
 45753 | Vaults:5 | Bought a scroll of enchant weapon for 157 gold pieces
 45753 | Vaults:5 | Bought a scroll of immolation for 73 gold pieces
 45753 | Vaults:5 | Bought a scroll of enchant armour for 157 gold pieces
 45753 | Vaults:5 | Bought a scroll of enchant weapon for 157 gold pieces
 45757 | Vaults:5 | Bought 2 scrolls of teleportation for 126 gold pieces
 45757 | Vaults:5 | Bought a scroll of recharging for 199 gold pieces
 45778 | Vaults:5 | Got an ichor-stained leather armour
 45779 | Vaults:5 | Identified the +1 leather armour of the Sparrow {rF- rN+ SInv} (You took it off a necromancer on level 5 of the Vaults)
 46099 | Vaults:5 | Identified Suruys's Disquisition on Beguiling
 46170 | Vaults:5 | Reached XP level 25. HP: 250/255 MP: 35/35
 46535 | Vaults:5 | Reached skill level 15 in Dodging
 46646 | Vaults:5 | Got a silver rune of Zot
 46667 | Vaults:5 | Learned a level 4 spell: Control Undead
 47538 | Slime:1  | Entered Level 1 of the Pits of Slime
 47900 | Slime:2  | Noticed Dissolution
 47913 | Slime:1  | Killed Dissolution
 48348 | Slime:5  | Lost mutation: Your mind is acute. (Int +2) [a shining eye]
 48356 | Slime:5  | Gained mutation: You are dopey. (Int -2) [a shining eye]
 48359 | Slime:5  | Gained mutation: Your spells are a little easier to cast, but a little less powerful. [a shining eye]
 48377 | Slime:6  | Entered Level 6 of the Pits of Slime
 48394 | Slime:6  | Gained mutation: Your body sometimes deteriorates upon taking damage. [a shining eye]
 48448 | Slime:6  | Noticed the Royal Jelly
 48475 | Slime:6  | 4thArraOfDagon: hi
 48475 | Slime:6  | wvc: hi
 48476 | Slime:6  | Killed the Royal Jelly
 48476 | Slime:6  | Reached XP level 26. HP: 117/268 MP: 27/36
 48604 | Slime:6  | Got a fine scythe
 48605 | Slime:6  | Identified the cursed +1 scythe "Tedux" {elec, rC+} (You found it on level 6 of the Pits of Slime)
 48636 | Slime:6  | Learned a level 9 spell: Tornado
 48677 | Slime:6  | Got a slimy rune of Zot
 48682 | Slime:6  | Identified the Compendium of Companions and Dislocation (You found it on level 6 of the Pits of Slime)
 48689 | Slime:6  | Learned a level 5 spell: Aura of Abjuration
 48723 | Slime:6  | Got a vibrating graven amulet
 48724 | Slime:6  | Identified the amulet "Zuel" {Gourm Slay+3} (You found it on level 6 of the Pits of Slime)
 48732 | Slime:6  | Reached skill level 1 in Air Magic
 48785 | Slime:6  | Reached skill level 1 in Summonings
 48849 | Lair:7   | Gained mutation: You possess an exceptional clarity of mind. [potion of mutation]
 48850 | Lair:7   | Lost mutation: Your spells are a little easier to cast, but a little less powerful. [potion of mutation]
 48851 | Lair:7   | Gained mutation: You can exhale a cloud of poison. [potion of mutation]
 49241 | Depths:1 | Entered Level 1 of the Depths
 49248 | Depths:1 | Reached skill level 2 in Air Magic
 49251 | Depths:1 | Noticed Sojobo
 49271 | Depths:1 | Killed Sojobo
 49271 | Depths:1 | Reached skill level 4 in Air Magic
 49304 | Depths:1 | Lost mutation: You possess an exceptional clarity of mind. [evolution]
 49400 | Depths:1 | Reached skill level 5 in Air Magic
 49432 | Depths:1 | Found a one-way gate to the infinite horrors of the Abyss.
 49528 | Depths:1 | Reached skill level 6 in Air Magic
 49635 | Depths:1 | Found a gateway to Hell.
 49989 | Depths:2 | Reached skill level 7 in Air Magic
 50185 | Depths:2 | Found a one-way gate leading to the halls of Pandemonium.
 50193 | Depths:2 | Reached skill level 8 in Air Magic
 50357 | Depths:2 | Reached skill level 9 in Air Magic
 50561 | Depths:2 | Found Acox's Gadget Emporium.
 50567 | Depths:2 | Bought a wand of teleportation (5/9) for 378 gold pieces
 50567 | Depths:2 | Bought a phantom mirror for 420 gold pieces
 50729 | Depths:3 | Reached skill level 10 in Air Magic
 50828 | Depths:3 | Found a gateway to a ziggurat.
 50890 | Depths:3 | Reached skill level 11 in Air Magic
 50925 | Depths:3 | Noticed Xtahua
 50940 | Depths:3 | Killed Xtahua
 51121 | Depths:3 | Lost mutation: You are dopey. (Int -2) [potion of mutation]
 51121 | Depths:3 | Lost mutation: Your tail ends in a sharp poisonous barb. [potion of mutation]
 51398 | Depths:3 | Found an iron altar of Okawaru.
 51461 | Depths:3 | Reached skill level 12 in Air Magic
 51593 | Depths:3 | Got a pair of encrusted gloves
 51595 | Depths:3 | Identified the +2 pair of gloves of Incorporation {rF+ Int+3} (You found it on level 3 of the Depths)
 51625 | Depths:3 | Got a translucent spear
 51626 | Depths:3 | Identified the +10 spear of Woe {pain, MR+} (You found it on level 3 of the Depths)
 51628 | Depths:3 | Got a slimy glaive
 51629 | Depths:3 | Identified the +5 glaive of Dullness {flame, *Contam rElec rN+ Stlth+} (You found it on level 3 of the Depths)
 51833 | Depths:3 | Reached skill level 13 in Air Magic
 51870 | Depths:3 | Reached XP level 27. HP: 277/277 MP: 36/36
 52569 | Depths:4 | Found a runed door.
 52628 | Depths:4 | Noticed a juggernaut
 52692 | Depths:4 | Reached skill level 14 in Air Magic
 52790 | Depths:4 | Killed a juggernaut
 53192 | Depths:4 | Noticed a juggernaut
 53213 | Depths:4 | Killed a juggernaut
 53213 | Depths:4 | Reached skill level 15 in Air Magic
 53407 | Depths:4 | Noticed an iron giant
 53438 | Depths:4 | Killed an iron giant
 53492 | Depths:4 | Identified the Compendium of Curses (You found it on level 4 of the Depths)
 53723 | Depths:4 | Lost mutation: Your magical capacity is low (-10% MP). [evolution]
 53723 | Depths:4 | Lost mutation: You evolve. [end of evolution]
 53800 | Depths:4 | Reached skill level 16 in Air Magic
 53839 | Depths:5 | Entered Level 5 of the Depths
 54132 | Depths:5 | Gained mutation: Your muscles are strong. (Str +2) [potion of mutation]
 54132 | Depths:5 | Gained mutation: Your movements are slightly less encumbered by armour (ER -2). [potion of mutation]
 54222 | Depths:5 | Reached skill level 15 in Spellcasting
 54236 | Depths:5 | Noticed the Enchantress
 54248 | Depths:5 | Killed the Enchantress
 54267 | Depths:5 | Got a faerie dragon armour
 54268 | Depths:5 | Identified the +8 faerie dragon armour {MP+9} (You took it off the Enchantress on level 5 of the Depths)
 54324 | Depths:5 | Found a gate to the Realm of Zot.
 54356 | Depths:5 | Reached skill level 17 in Air Magic
 55060 | Depths:5 | Found a portal to a secret trove of treasure.
 55148 | Depths:5 | You paid a toll of 16 potions of curing to enter a treasure trove
 55149 | Trove    | Entered a treasure trove
 55174 | Trove    | Got a steaming lead amulet
 55182 | Trove    | Identified the amulet "Nepef" {RegenMP rC++ Str+3} (You found it in a treasure trove)
 55195 | Trove    | Got a crude wooden ring
 55196 | Trove    | Identified the ring of Nucag {+Fly rF- EV+2 Str+5 SInv} (You found it in a treasure trove)
 55209 | Trove    | Got a brightly glowing glaive
 55215 | Trove    | Identified the +8 glaive "Affyuhet" {freeze, MR+++ Str-4} (You found it in a treasure trove)
 55426 | Depths:4 | Voluntarily entered the Abyss.
 55427 | Abyss:1  | Found a corrupted altar of Lugonu.
 55490 | Abyss:1  | Found a shattered altar of Ashenzari.
 55920 | Abyss:2  | Gained mutation: You occasionally shout uncontrollably at your foes. [a neqoxec]
 56905 | Abyss:2  | Found an opulent altar of Gozag.
 56955 | Abyss:2  | Paralysed by accursed screaming for 1 turns
 56980 | Abyss:2  | Paralysed by accursed screaming for 2 turns
 56987 | Abyss:2  | Paralysed by accursed screaming for 1 turns
 57041 | Abyss:2  | Gained mutation: You sometimes yell uncontrollably at your foes. [a cacodemon]
 57365 | Abyss:3  | Found a runed door.
 57365 | Abyss:3  | Found a runed door.
 57365 | Abyss:3  | Gained mutation: Your spells are a little easier to cast, but a little less powerful. [a shining eye]
 57367 | Abyss:3  | Reached skill level 18 in Air Magic
 57374 | Abyss:3  | Got an abyssal rune of Zot
 57436 | Depths:4 | Escaped the Abyss
 57484 | Depths:4 | Noticed a juggernaut
 57499 | Depths:4 | Killed a juggernaut
 57570 | Depths:4 | Upgraded the game from 0.18-a0-1390-gc02854d to 0.18-a0-1396-g8753ca6
 58042 | Crypt:1  | Entered Level 1 of the Crypt
 58435 | Crypt:1  | Noticed an ancient lich
 58439 | Crypt:1  | Killed an ancient lich
 58969 | Crypt:1  | Got a scorched cloak
 58970 | Crypt:1  | Identified the cursed +0 cloak of the Dwarven Hall {Str+6 Int+2} (You found it on level 1 of the Crypt)
 59683 | Crypt:2  | Noticed Donald
 59696 | Crypt:2  | Killed Donald
 59916 | Crypt:3  | Entered Level 3 of the Crypt
 59976 | Crypt:3  | Learned a level 6 spell: Statue Form
 60198 | Crypt:3  | Found an ancient bone altar of Kikubaaqudgha.
 60305 | Crypt:3  | Found a basalt altar of Yredelemnul.
 60422 | Crypt:3  | Found a staircase to the Tomb.
 60655 | Crypt:3  | Reached skill level 19 in Air Magic
 60896 | Crypt:3  | Identified the Grimoire of Necromancy (You found it on level 3 of the Crypt)
 60900 | Crypt:3  | Identified Jidus's Volume of Stolen Souls
 61504 | Zot:1    | Entered Level 1 of the Realm of Zot
 61761 | Zot:1    | Reached skill level 20 in Air Magic
 61905 | Zot:1    | Learned a level 6 spell: Deflect Missiles
 61911 | Zot:1    | Learned a level 5 spell: Silence
 62705 | Zot:1    | Reached skill level 21 in Air Magic
 63027 | Zot:2    | Got a bloodstained helmet
 63028 | Zot:2    | Identified the +2 helmet of the Cockatrice {Stlth+} (You found it on level 2 of the Realm of Zot)
 63490 | Zot:2    | Reached skill level 22 in Air Magic
 64412 | Zot:3    | Reached skill level 23 in Air Magic
 65558 | Zot:4    | Reached skill level 24 in Air Magic
 66057 | Zot:5    | Entered Level 5 of the Realm of Zot
 66335 | Pan      | Entered Pandemonium
 66611 | Pan      | Noticed Oteihik the pandemonium lord
 66619 | Pan      | Killed Oteihik the pandemonium lord
 66619 | Pan      | Reached skill level 25 in Air Magic
 66666 | Pan      | Noticed Goclajiw the pandemonium lord
 66687 | Pan      | Killed Goclajiw the pandemonium lord
 66747 | Pan      | Found an exit through the horrors of the Abyss.
 67069 | Pan      | Noticed Goostaes the pandemonium lord
 67078 | Pan      | Killed Goostaes the pandemonium lord
 67500 | Pan      | Noticed Rayjap the pandemonium lord
 67514 | Pan      | Killed Rayjap the pandemonium lord
 67536 | Pan      | Killed from afar by a Brimstone Fiend

Vault maps used:
D:1:      mushboom_english_gardens, grunt_decor_arrowhead,
          minmay_misc_feat_pillars
D:2:      minitemple, st_stairs_11, hex_large, grunt_pakellas_basics
D:3:      ecumenical_altar_1, tso_altar, uniq_iyjb, uniq_jessica
D:4:      first_bread, minmay_ogre_servants
D:5:      serial_shops, kennysheep_little_box, uniq_grinder, uniq_blork_the_orc,
          uniq_duvessa
D:6:      minmay_overflow_temple_hex, temple_pool_a, serial_shops,
          shop_fountains, basic_altar, uniq_menkaure, uniq_prince_ribbit1,
          uniq_edmund
D:7:      serial_shops, shop, nicolae_shop_statue_plus, shop,
          nicolae_shop_stone, shop
D:8:      erik_lair_orcish_takeover, hangedman_ranch
D:9:      uniq_grum
D:10:     serial_shops, shop_statue, uniq_erica
D:11:     basic_altar, minivault_27
D:12:     minmay_orc_entry_temple_small, basic_altar, uniq_psyche, uniq_sonja,
          uniq_harold
D:13:     lightli_vaults_fourway_checkpoint, uniq_maud, uniq_nessos,
          uniq_erolcha
D:15:     grunt_enter_depths_hoard, serial_ice, serial_ice_d, serial_ice_n,
          serial_ice_k, serial_ice_g, nemelex_xobeh_ov_fountains_minmay,
          st_stairs_10, nooodl_orcs_dogs
Temple:   jpeg_temple_alley_garden_8
Lair:1:   st_stairs_5, lemuel_fruit_tree
Lair:2:   basic_altar
Lair:4:   serial_bayou_shore_b
Lair:5:   spider_nest_entry_a, beast_lair_carwin_3
Lair:6:   swamp_mist, st_stairs_12
Lair:7:   nicolae_slime_entry_slimehenge
Lair:8:   grunt_lair_end_beastmaster, st_stairs_11, serial_bayou_crossing
Swamp:1:  hangedman_swamp_ruin_wall
Swamp:2:  wheals_swamp_sinkhole, uniq_frances
Swamp:3:  hangedman_swamp_lotus
Swamp:4:  swamp_old_school, infiniplex_staircase_pool, uniq_roxanne
Spider:2: spider_trap, nicolae_crawler_farm
Spider:3: nicolae_arachne_temple, uniq_azrael, uniq_mara, uniq_wiglaf
Spider:4: floodkiller_spider_rune_tomb, hive_lemuel, uniq_jorgrun
Slime:2:  dissolution_awaits
Slime:5:  cheibrodos_slime_lost_civilization_7
Orc:2:    grunt_orc_gardens, grunt_orc_garden, grunt_orc_garden,
          grunt_orc_garden, grunt_orc_garden, serial_shops, shop,
          shop_fountains, nicolae_shop_stone, shop
Elf:1:    minmay_elf_arrival_plus, basic_altar,
          hangedman_elven_crosses_minicolossus
Elf:2:    infiniplex_enter_wizlab_glasses, serial_shops, shop,
          nicolae_shop_trees, shop, shop, david_greed, uniq_asterion, uniq_agnes
Elf:3:    minmay_elf_hall_hex, basic_altar, spider_trap, columned_hall_lemuel,
          abandoned_shop, st_stairs_14, fountainhead, grunt_ministairs_5
Vaults:1: v_misc_24, vaults_room_guarded_vault, nicolae_vaults_yaktaur_gun_rack,
          nicolae_vaults_little_ls, nicolae_vaults_little_squares_3,
          vaults_mumra_hexcomb, vaults_room_large_hall,
          ontoclasm_vaults_ring_square, vaults_room_grid, vaults_room_fours,
          nicolae_vaults_mini_display_case
Vaults:2: nicolae_vaults_little_squares_4, hangedman_vaults_capsules,
          nicolae_vaults_ninety_degrees, minmay_crypt_entry_simple_plaza,
          v_misc_30, ontoclasm_vaults_hangar, nicolae_vaults_little_squares_6,
          vaults_room_grid, v_misc_12, nicolae_vaults_asterisk,
          ontoclasm_vaults_eye, nicolae_vaults_asterisk,
          ontoclasm_vaults_shuriken, uniq_nikola
Vaults:3: nicolae_vaults_shelves_hall, vaults_dpeg_hooks,
          hangedman_vaults_restitches, v_alt_pattern_1, vaults_room_door_hall,
          nicolae_vaults_an_arrangement, ontoclasm_vaults_spin,
          nicolae_vaults_circle_grid_a, nicolae_vaults_little_squares_6,
          v_pattern_1, grunt_vaults_funnel, ontoclasm_vaults_bender, uniq_boris,
          uniq_frederick
Vaults:4: v_misc_18, nicolae_vaults_theta, kennysheep_vaults_gozag_temple,
          v_misc_18, vaults_room_semicircle, nicolae_vaults_little_squares_4,
          serial_ice_h, grunt_vaults_hallway_short, v_rooms_2,
          ontoclasm_vaults_pinch, nicolae_vaults_stairing_the_circle,
          hangedman_vaults_pinch, ontoclasm_vaults_hangar,
          ontoclasm_vaults_twist
Vaults:5: serial_shops
Crypt:1:  st_stairs_4, weyrava_lich_vault
Crypt:2:  uniq_donald
Crypt:3:  lightli_unholy_cathedral, grunt_megastairs_3
Depths:1: hell_entry, hangedman_decor_points, abyss_entry_small_statue_room,
          hangedman_decor_clover_reticule, kennysheep_another_room,
          kennysheep_generic_room_10, serial_bayou_shore_b, uniq_sojobo
Depths:2: kennysheep_six_static_rooms, rand_demon_pan_entry_5,
          roderic_lattice_a, grunt_hell_entry_dis_grunt, kennysheep_small_square
Depths:3: evilmike_iron_armoury, enter_ziggurat_b, pan_entry,
          minmay_misc_feat_alley, hell_entry, serial_sigils_hangedman_scar,
          uniq_xtahua
Depths:4: box_level_dp, hell_entry, abyss_entry
Depths:5: grunt_x_marks_the_spot, hangedman_decor_slide_cut, enter_trove_3,
          grunt_hell_horde, uniq_enchantress
Zot:1:    st_stairs_8
Zot:2:    grunt_zot_stairs_faceoff
Zot:3:    zot_minivault_1, grunt_megastairs_1, basic_stair_grate_trap
Zot:5:    st_stairs_1
Abyss:3:  hangedman_abyss_or_decor_slice, minivault_22
Pan:      rand_demon_5, rand_demon_3, pan_blood_fountain_small,
          evilmike_mini_pan_doors, nicolae_pan_mnolegish_2, pan_surprise,
          nicolae_pan_sigil_uleosi, nicolae_pan_strange_glyphs, rand_demon_5,
          nicolae_pan_gloorx_vloqian_3, evilmike_mini_pan_diamond,
          evilmike_mini_pan_pillars_b, rand_demon_4, rand_demon_3
Trove:    trove_simple
WizLab:   wizlab_golubria

Skill      XL: |  1  2  3  4  5  6  7  8  9 10 11 12 13 14 15 16 17 18 19 20 21 22 23 24 25 26 27 |
---------------+----------------------------------------------------------------------------------+-----
Armour         | 1 2 3 4 5 6 7 8 9 10 11 12 13 | 13.9
Fighting       | 4 5 7 9 11 13 14 15 17 18 19 20 22 | 22.7
Polearms       | 1 2 5 8 11 13 15 16 21 | 21.0
Invocations    | 3 5 7 9 10 11 | 11.0
Dodging        | 3 4 6 7 8 10 11 12 13 14 15 | 15.6
Translocations | 1 3 5 6 |  6.2
Evocations     | 1 |  1.4
Spellcasting   | 3 5 7 9 10 11 13 17 | 17.7
Charms         | 3 6 7 |  7.5
Shields        | 9 13 17 | 17.3
Necromancy     | 3 |  3.6
Air Magic      | 13 25 | 25.0
Summonings     | 1 |  1.5
Stealth        | |  3.0
Unarmed Combat | |  4.0

Action                   |  1- 3 |  4- 6 |  7- 9 | 10-12 | 13-15 | 16-18 | 19-21 | 22-24 | 25-27 || total
-------------------------+-------+-------+-------+-------+-------+-------+-------+-------+-------++-------
Melee: Unarmed           |   123 |   127 |   116 |       |       |       |       |       |       ||   366
       Spear             |       |   132 |    59 |       |       |       |       |       |       ||   191
       Trident           |       |       |   350 |    27 |       |       |       |       |       ||   377
       Halberd           |       |       |       |   626 |   954 |   688 |       |       |       ||  2268
       Demon trident     |       |       |       |       |       |   652 |  1467 |  1249 |  3792 ||  7160
       Glaive            |       |       |       |       |       |       |       |       |   607 ||   607
Throw: Javelin           |       |     7 |    21 |     7 |       |       |       |       |       ||    35
 Cast: Shroud of Golubri |       |       |       |     1 |     1 |     1 |       |     1 |     4 ||     8
       Blink             |       |       |       |       |       |     1 |       |       |     2 ||     3
       Apportation       |       |       |       |       |       |       |    13 |       |     5 ||    18
       Regeneration      |       |       |       |       |       |       |     1 |     9 |    41 ||    51
       Warp Weapon       |       |       |       |       |       |       |     1 |       |       ||     1
       Control Undead    |       |       |       |       |       |       |       |       |     4 ||     4
       Tornado           |       |       |       |       |       |       |       |       |     5 ||     5
       Deflect Missiles  |       |       |       |       |       |       |       |       |     4 ||     4
       Aura of Abjuratio |       |       |       |       |       |       |       |       |     3 ||     3
Invok: Slouch            |       |       |       |     6 |     5 |     8 |       |     4 |    11 ||    34
 Abil: Spit Poison       |     4 |     8 |    19 |     1 |     1 |     1 |       |       |       ||    34
       Breathe Poison Ga |       |       |       |       |       |       |       |       |     1 ||     1
Evoke: Wand              |       |       |       |     2 |     3 |     3 |    10 |       |     4 ||    22
       Lamp of fire      |       |       |       |       |       |       |       |       |     1 ||     1
  Use: Scroll            |       |     9 |     7 |    23 |    14 |    12 |    10 |    15 |    38 ||   128
       Potion            |       |     1 |     3 |     6 |     1 |     4 |     4 |     4 |    13 ||    36
 Stab: Sleeping          |     7 |     2 |       |    29 |     7 |    11 |    10 |     7 |    16 ||    89
       Distracted        |       |       |       |     8 |    16 |    21 |     9 |     8 |    12 ||    74
       Invisible         |       |       |       |       |       |       |     7 |       |       ||     7
  Eat: Chunk             |     1 |     5 |     7 |     5 |     1 |     4 |    11 |     6 |     1 ||    41
       Beef jerky        |       |     2 |       |     1 |     2 |     3 |     3 |     3 |     3 ||    17
       Royal jelly       |       |     1 |       |       |     1 |     2 |     1 |     2 |     5 ||    12
       Meat ration       |       |       |     1 |       |       |       |       |       |     2 ||     3
       Pizza             |       |       |       |     6 |       |     5 |       |     2 |     4 ||    17
       Fruit             |       |       |       |    10 |    14 |     3 |     3 |       |    13 ||    43
       Bread ration      |       |       |       |       |     1 |     1 |       |       |     4 ||     6
